 Dungeon Crawl Stone Soup version 0.30-b1-2-g02819fbbbe (webtiles) character file.

Game seed: 5441737680001781845

844 MisterFreud the Thaumaturge (level 8, 0/63 HPs)
             Began as a Gnoll Wanderer on Sept 4, 2023.
             Was an Initiate of Ru.
             Slain by a water moccasin (1 damage)
             ... on level 5 of the Dungeon.
             The game lasted 00:09:04 (5275 turns).

MisterFreud the Thaumaturge (Gnoll Wanderer)        Turns: 5275, Time: 00:09:05

Health: 0/63       AC:  4    Str: 15    XL:     8   Next: 0%
Magic:  7/7        EV: 11    Int: 14    God:    Ru [......]
Gold:   255        SH:  0    Dex:  8    Spells: 25/26 levels left

rFire   + . .        d - +3 demon trident (antimagic)
rCold   . . .        (no shield)
rNeg    + . .        c - +1 leather armour
rPois   .            (no helmet)
rElec   .            (no cloak)
rCorr   .            (no gloves)
SInv    .            (no boots)
Will    .....        (no amulet)
Stlth   ++           m - ring of positive energy
HPRegen 0.30/turn    j - ring of protection from fire
MPRegen 0.10/turn

%: no passive effects
@: mighty, lethally poisoned (0 -> -6), about to teleport, attractive
A: fangs 1, strong nose, distributed training
a: Renounce Religion


You were on level 5 of the Dungeon.
You worshipped Ru.
Ru was noncommittal.
You visited 1 branch of the dungeon, and saw 5 of its levels.
You also visited: Sewer.

You collected 255 gold pieces.

Inventory:

Hand Weapons
 a - a +3 falchion
 d - a +3 antimagic demon trident (weapon)
Armour
 c - a +1 leather armour (worn)
Jewellery
 j - a ring of protection from fire (right hand)
 m - a ring of positive energy (left hand)
Wands
 b - a wand of roots (7)
Scrolls
 e - a scroll of enchant armour
 f - a scroll of enchant weapon
 h - 7 scrolls of teleportation
 l - a scroll of identify
 o - a scroll of amnesia
 p - a scroll of poison {unknown}
Potions
 k - a potion of magic
 n - 4 potions of flight


   Skills:
 + Level 5.5 Fighting
 + Level 3.0 Short Blades
 + Level 7.2 Long Blades
 + Level 3.0 Axes
 + Level 3.0 Maces & Flails
 + Level 3.0 Polearms
 + Level 3.0 Staves
 + Level 3.0 Ranged Weapons
 + Level 3.0 Throwing
 + Level 3.0 Armour
 + Level 3.0 Dodging
 + Level 3.0 Stealth
 + Level 3.0 Shields
 + Level 3.0 Unarmed Combat
 + Level 9.8 Spellcasting
 + Level 2.4 Conjurations
 + Level 2.4 Hexes
 + Level 2.4 Summonings
 + Level 2.4 Necromancy
 + Level 2.4 Translocations
 + Level 2.4 Transmutations
 + Level 2.4 Fire Magic
 + Level 2.4 Ice Magic
 + Level 2.4 Air Magic
 + Level 2.4 Earth Magic
 + Level 2.4 Poison Magic
 + Level 3.2 Invocations
 + Level 4.0 Evocations


You had 25 spell levels left.
You knew the following spells:

 Your Spells              Type           Power      Damage    Failure   Level
a - Shock                 Conj/Air       52%        1d6       4%          1

Your spell library contained the following spells:

 Spells                   Type           Power      Damage    Failure   Level
 Swiftness                Air            13%        N/A       14%         3


Dungeon Overview and Level Annotations

Branches:
Dungeon (5/15)              Sewer (visited)
 Temple: D:4-7

Altars:
Ru
Vehumet

Annotations:
D:4 3 runed translucent doors, diceflayer's ghost, amateur DsHu


Innate Abilities, Weirdness & Mutations

You have very sharp teeth.
Your uncanny sense of smell can sniff out nearby items.
Your experience applies equally to all skills.


Message History

You are too injured to fight recklessly!
You closely miss the water moccasin. Your punch misses the water moccasin.
The water moccasin is heavily wounded.
You feel sick. The water moccasin barely misses you.
The water moccasin bites you but does no damage.
You are too injured to fight recklessly!
You closely miss the water moccasin.
The water moccasin is heavily wounded.
You feel sick. The water moccasin bites you!
* * * LOW HITPOINT WARNING * * *
The water moccasin bites you.
* * * LOW HITPOINT WARNING * * *
You are lethally poisoned!
The water moccasin poisons you!
It was a potion of might.
You feel very mighty all of a sudden.
* * * LOW HITPOINT WARNING * * *
You feel very sick. The water moccasin misses you.
It was a potion of attraction.
You feel attractive to monsters.
* * * LOW HITPOINT WARNING * * *
You feel very sick. The water moccasin barely misses you.
It was a potion of curing.
You feel better. The water moccasin bites you.
* * * LOW HITPOINT WARNING * * *
The water moccasin bites you.
* * * LOW HITPOINT WARNING * * *
You are lethally poisoned!
The water moccasin poisons you!
Okay, then.
Unknown command.
Okay, then.
Unknown command.
As you read the scroll of teleportation, it crumbles to dust.
You feel strangely unstable.
* * * LOW HITPOINT WARNING * * *
You feel very sick. The water moccasin bites you.
You die...

.... .... ####
#####+#####
#.........#
#......>.[#
#.........#
#.........#
#.....@S..#
#####'#####
######.# #...##.#
######## #...##.#
#......# #...##.#
#......# #...##.#
(......###...##.#
#....####....##.#


You could see a water moccasin.

Vanquished Creatures
  An ice beast (D:5)
  An ogre (D:5)
  2 scorpions (D:4)
  2 hounds (D:5)
  2 iguanas (D:5)
  Terence (D:2)
  2 sleepcaps (D:3)
  An orc wizard (D:5)
  A gnoll (D:3)
  15 adders
  6 river rats
  A white imp (D:3)
  3 worms
  5 dart slugs
  4 orcs
  9 endoplasms
  6 giant cockroaches
  10 goblins
  9 hobgoblins
  8 jackals
  4 quokkas
  9 ball pythons
  11 bats
  2 frilled lizards
  11 kobolds
  5 rats
131 creatures vanquished.

Notes
Turn   | Place    | Note
-------+----------+-------------------------------------------
     0 | D:1      | Reached skill level 9 in Spellcasting
     0 | D:1      | MisterFreud the Gnoll Wanderer began the quest for the Orb.
     0 | D:1      | MisterFreud set off with the following items: a +3
                  | falchion, a potion of lignification, a +0 leather armour;
                  | and the following spell memorised: Shock; and the following
                  | spells available to memorise: Swiftness.
     0 | D:1      | Reached XP level 1. HP: 20/20 MP: 10/10
   111 | D:1      | Reached XP level 2. HP: 20/26 MP: 3/12
   354 | D:1      | Reached XP level 3. HP: 15/31 MP: 13/13
   482 | D:1      | Reached skill level 1 in Invocations
   767 | D:1      | Identified a scroll of acquirement
   767 | D:1      | Acquired a +2 antimagic demon trident
   832 | D:2      | Found a faded altar of an unknown god.
   945 | D:2      | Reached skill level 1 in Short Blades
   945 | D:2      | Reached skill level 1 in Axes
   945 | D:2      | Reached skill level 1 in Maces & Flails
   945 | D:2      | Reached skill level 1 in Polearms
   945 | D:2      | Reached skill level 1 in Staves
   945 | D:2      | Reached skill level 1 in Ranged Weapons
   945 | D:2      | Reached skill level 1 in Throwing
   945 | D:2      | Reached skill level 1 in Armour
   945 | D:2      | Reached skill level 1 in Dodging
   945 | D:2      | Reached skill level 1 in Stealth
   945 | D:2      | Reached skill level 1 in Shields
   945 | D:2      | Reached skill level 1 in Unarmed Combat
  1284 | D:2      | Noticed Terence
  1299 | D:2      | Killed Terence
  1300 | D:2      | Reached skill level 1 in Conjurations
  1300 | D:2      | Reached skill level 1 in Hexes
  1300 | D:2      | Reached skill level 1 in Summonings
  1300 | D:2      | Reached skill level 1 in Necromancy
  1300 | D:2      | Reached skill level 1 in Translocations
  1300 | D:2      | Reached skill level 1 in Transmutations
  1300 | D:2      | Reached skill level 1 in Fire Magic
  1300 | D:2      | Reached skill level 1 in Ice Magic
  1300 | D:2      | Reached skill level 1 in Air Magic
  1300 | D:2      | Reached skill level 1 in Earth Magic
  1300 | D:2      | Reached skill level 1 in Poison Magic
  1300 | D:2      | Reached XP level 4. HP: 19/38 MP: 15/15
  1976 | D:3      | Reached XP level 5. HP: 11/43 MP: 16/16
  2987 | D:4      | Found a runed translucent gate.
  2987 | D:4      | Found a runed translucent gate.
  2988 | D:4      | Found a runed translucent gate.
  2998 | D:4      | Noticed diceflayer's ghost (amateur DsHu)
  3004 | D:4      | Noticed a black bear
  3025 | D:5      | Entered Level 5 of the Dungeon
  3070 | D:5      | Noticed an ice beast
  3085 | D:5      | Killed an ice beast
  3086 | D:5      | Reached skill level 5 in Fighting
  3086 | D:5      | Reached XP level 6. HP: 34/51 MP: 6/18
  3443 | D:4      | Reached XP level 7. HP: 56/56 MP: 6/20
  3564 | D:4      | Found a glowing drain.
  3568 | Sewer    | Entered a sewer
  4497 | D:4      | Found a radiant altar of Vehumet.
  4590 | D:4      | Identified the +0 leather armour "Ycsenn" {rElec rN+++
                  | Str-5 Int+3}
  4885 | D:5      | Found a sacrificial altar of Ru.
  5133 | D:5      | Reached XP level 8. HP: 56/63 MP: 7/21
  5169 | D:5      | Became a worshipper of Ru the Awakened
  5273 | D:5      | HP: 1/63 [poisoned by a water moccasin]
  5275 | D:5      | Slain by a water moccasin

Illustrated notes

Levels and vault maps discovered:
D:1:      minmay_arrival_solitary_statue, layout_rooms,
          chequers_serial_rivers_large_a
D:2:      layout_rooms, ebering_ecumenical_altar_box,
          dreamdust_mushroom_princess, uniq_terence
D:3:      layout_basic, hellmonk_no_cap
D:4:      layout_basic, mainiacjoe_overflow_boulevard,
          gammafunk_ghost_necromancy, gup_sewer_entry_spiral
D:5:      layout_basic, mainiacjoe_overflow_brackets

Skill      XL: |  1  2  3  4  5  6  7 |
---------------+----------------------+-----
Spellcasting   | |  9.8
Invocations    | 1 2 3 |  3.2
Short Blades   | 1 2 3 |  3.0
Axes           | 1 2 3 |  3.0
Maces & Flails | 1 2 3 |  3.0
Polearms       | 1 2 3 |  3.0
Staves         | 1 2 3 |  3.0
Ranged Weapons | 1 2 3 |  3.0
Throwing       | 1 2 3 |  3.0
Armour         | 1 2 3 |  3.0
Dodging        | 1 2 3 |  3.0
Stealth        | 1 2 3 |  3.0
Shields        | 1 2 3 |  3.0
Unarmed Combat | 1 2 3 |  3.0
Conjurations   | 1 2 |  2.4
Hexes          | 1 2 |  2.4
Summonings     | 1 2 |  2.4
Necromancy     | 1 2 |  2.4
Translocations | 1 2 |  2.4
Transmutations | 1 2 |  2.4
Fire Magic     | 1 2 |  2.4
Ice Magic      | 1 2 |  2.4
Air Magic      | 1 2 |  2.4
Earth Magic    | 1 2 |  2.4
Poison Magic   | 1 2 |  2.4
Evocations     | 3 4 |  4.0
Fighting       | 5 |  5.5
Long Blades    | 7 |  7.2

Action                     |  1- 3 |  4- 6 |  7- 9 || total
---------------------------+-------+-------+-------++-------
  Melee: Falchion          |   111 |    93 |       ||   204
         Bite              |     5 |    10 |    13 ||    28
         Punch             |       |     3 |     4 ||     7
         Demon trident     |       |    27 |   194 ||   221
   Cast: Shock             |    15 |       |       ||    15
    Use: Scroll            |     8 |     5 |     3 ||    16
         Potion            |     1 |     2 |     5 ||     8
   Stab: Sleeping          |       |     3 |     5 ||     8
 Armour: Leather armour    |    22 |    20 |    79 ||   121
         Skin              |       |    10 |       ||    10
  Dodge: Dodged            |    58 |    57 |   155 ||   270
